 Dungeon Crawl Stone Soup version 0.27-a0-1206-g6342a01c75 (webtiles) character file.

Game seed: 11330469439692690245

82279 Morbidden the Destroyer (level 15, -13/112 HPs)
             Began as a Demonspawn Conjurer on June 4, 2021.
             Was the Champion of Qazlal.
             Mangled by an orc knight
             ... wielding a +0 bardiche
              (18 damage)
             ... on level 2 of the Orcish Mines.
             The game lasted 00:54:34 (31096 turns).

Morbidden the Destroyer (Demonspawn Conjurer)      Turns: 31096, Time: 00:54:36

Health: -13/112    AC: 29    Str:  8    XL:     15   Next: 29%
Magic:  38/38      EV: 18    Int: 27    God:    Qazlal [******]
Gold:   1495       SH: 23    Dex: 12    Spells: 10/34 levels left

rFire    . . .     SeeInvis .   a - +0 staff of Battle
rCold    . . .     Faith    .   Y - +2 kite shield
rNeg     . . .     Spirit   .   F - +2 troll leather armour
rPois    .         Reflect  .   d - +0 helmet
rElec    .         Harm     .   N - +1 cloak
rCorr    .         Rampage  .   (no gloves)
Will     +....                  E - +1 pair of boots
Stlth    +.........             U - amulet of the acrobat
HPRegen  1.28/turn              y - ring of magical power
MPRegen  0.26/turn              K - +4 ring of protection

@: agile, protected from physical damage, repel missiles
A: claws 2, molten scales 1, icemail 2, powered by pain 2, condensation shield,
corrupting presence 1, talons 1, clever 1, subdued magic 1
a: Renounce Religion, Upheaval, Elemental Force, Disaster Area


You were on level 2 of the Orcish Mines.
You worshipped Qazlal.
Qazlal was exalted by your worship.
You visited 4 branches of the dungeon, and saw 24 of its levels.
You also visited: Gauntlet.

You collected 1742 gold pieces.
You spent 247 gold pieces at shops.

Inventory:

Hand Weapons
 a - the +0 staff of Battle (weapon)
   (You found it in a Gauntlet)
Missiles
 w - 117 poisoned darts
 x - 12 throwing nets
 z - 14 javelins (quivered)
 D - 4 curare-tipped darts
 J - 6 atropa-tipped darts
 M - 24 boomerangs
Armour
 d - a +0 helmet (worn)
 v - a +1 leather armour of cold resistance
 E - a +1 pair of boots (worn)
 F - a +2 troll leather armour (worn)
 N - a +1 cloak (worn)
 Y - a +2 kite shield (worn)
Jewellery
 b - a +4 ring of protection
 g - a ring of positive energy
 y - a ring of magical power (left claw)
 A - the ring "Heffuju" {Will+ rCorr}
   (You found it on level 2 of the Lair of Beasts)

   [ring of willpower]

   It protects you from acid and corrosion.
   It increases your willpower.
 B - a +6 ring of intelligence
 K - a +4 ring of protection (right claw)
 O - the ring "Xenk" {rElec rPois Stlth+}
   (You found it in a Gauntlet)

   [ring of poison resistance]

   It insulates you from electricity.
   It protects you from poison.
   It makes you more stealthy.
 R - a ring of ice
 S - a +6 ring of dexterity
 U - an amulet of the acrobat (around neck)
Wands
 i - a wand of polymorph (20)
 j - a wand of charming (10)
 o - a wand of mindburst (7)
 H - a wand of flame (68)
 I - a wand of paralysis (19)
 L - a wand of iceblast (4)
Scrolls
 c - 2 scrolls of enchant weapon
 m - 3 scrolls of noise
 n - 4 scrolls of fog
 q - 2 scrolls of torment
 t - 7 scrolls of teleportation
 G - 7 scrolls of identify
 V - a scroll of blinking
Potions
 e - 3 potions of heal wounds
 f - a potion of mutation
 h - a potion of berserk rage
 k - 3 potions of might
 l - 6 potions of curing
 p - 3 potions of lignification
 r - 5 potions of flight
 s - 2 potions of haste
 u - 2 potions of attraction
 C - 3 potions of resistance {unknown}
 Q - a potion of ambrosia {unknown}
 T - a potion of cancellation {unknown}
Miscellaneous
 P - a tin of tremorstones (2/2)
 W - a lightning rod (4/4)
 X - a phantom mirror


   Skills:
 * Level 8.7 Fighting
 + Level 0.3 Polearms
 + Level 2.1 Throwing
 + Level 3.2 Armour
 * Level 10.0 Dodging
 - Level 2.5 Stealth
 + Level 5.6 Shields
 * Level 9.5 Unarmed Combat
 * Level 10.0 Spellcasting
 * Level 11.8 Conjurations
 + Level 6.0 Translocations
 * Level 5.9 Transmutations
 * Level 5.9 Earth Magic
 * Level 9.8 Invocations
 + Level 0.4 Evocations


You had 10 spell levels left.
You knew the following spells:

 Your Spells              Type           Power      Damage    Failure   Level
a - Iskenderun's Mystic   Conj/Tloc      63%        2d13      3%          4
b - Searing Ray           Conj           100%       3d7       1%          2
c - Iron Shot             Conj/Erth      31%        9d6       58%         6
d - Statue Form           Tmut/Erth      23%        N/A       94%         6
e - Irradiate             Conj/Tmut      31%        3d24      12%         5
z - Magic Dart            Conj           100%       1d8       1%          1

Your spell library contained the following spells:

 Spells                   Type           Power      Damage    Failure   Level
 Sandblast                Erth           70%        2d15      1%          1
 Shock                    Conj/Air       100%       1d9       1%          1
 Blink                    Tloc           N/A        N/A       1%          2
 Passwall                 Tmut/Erth      29%        N/A       1%          2
 Static Discharge         Conj/Air       51%        N/A       1%          2
 Stone Arrow              Conj/Erth      100%       3d13      1%          3
 Conjure Flame            Conj/Fire      51%        6-21      4%          3
 Dazzling Flash           Conj/Hex       100%       N/A       4%          3
 Mephitic Cloud           Conj/Pois/Air  40%        N/A       10%         3
 Petrify                  Tmut/Erth      35%        N/A       14%         4
 Fulminant Prism          Conj/Hex       25%        3d14      16%         4
 Hailstorm                Conj/Ice       51%        3d11      16%         4
 Freeze                   Ice            40%        1d6       17%         1
 Call Imp                 Summ           10%        N/A       26%         2
 Corpse Rot               Necr/Air       N/A        N/A       26%         2
 Slow                     Hex            10%        N/A       26%         2
 Sublimation of Blood     Necr           5%         N/A       26%         2
 Lee's Rapid Deconstruct  Erth           17%        3d12*     38%         5
 Bolt of Magma            Conj/Fire/Erth 25%        4d12      41%         5
 Lightning Bolt           Conj/Air       25%        1d41      41%         5
 Frozen Ramparts          Ice            20%        1d4       47%         3
 Ozocubu's Armour         Ice            10%        N/A       47%         3
 Swiftness                Air            10%        N/A       47%         3
 Animate Armour           Summ/Erth      44%        N/A       47%         4
 Leda's Liquefaction      Hex/Erth       11%        N/A       47%         4
 Yara's Violent Unravell  Hex/Tmut       11%        3d6       83%         5
 Airstrike                Air            5%         N/A       87%         4
 Cause Fear               Hex            5%         N/A       87%         4
 Dispel Undead            Necr           10%        3d9       87%         4
 Summon Lightning Spire   Summ/Air       10%        N/A       87%         4
 Blade Hands              Tmut           17%        N/A       94%         6
 Conjure Ball Lightning   Conj/Air       25%        3x3d7     94%         6
 Agony                    Necr           10%        N/A       99%         5
 Excruciating Wounds      Necr           5%         N/A       99%         5
 Metabolic Englaciation   Hex/Ice        5%         N/A       99%         5
 Silence                  Hex/Air        5%         N/A       99%         5
 Dragon Form              Tmut           17%        N/A       100%        7
 Discord                  Hex            5%         N/A       100%        8
 Shatter                  Erth           17%        3d16*     100%        9
 Tornado                  Air            5%         N/A       100%        9


Dungeon Overview and Level Annotations

Branches:
Dungeon (15/15)            Temple (1/1) D:5            Lair (6/6) D:11
 Shoals (0/4) Lair:2        Snake (0/4) Lair:4        Slime (0/5) Lair:6
    Orc (2/2) D:11        Gauntlet (visited)
    Elf: Orc:2       Vaults: D:13-14     Depths: D:15

Altars:
Ashenzari
Cheibriados
Dithmenos
Elyvilon
Fedhas
Gozag
Hepliaklqana
Kikubaaqudgha
Makhleb
Nemelex Xobeh
Okawaru
Qazlal
Ru
Sif Muna
Trog
Uskayaw
Vehumet
Wu Jian
Xom
Yredelemnul
Zin
The Shining One
Jiyva

Shops:
D:11 [

Annotations:
D:8 4 transporters, Kinoniko's ghost, novice KoBe
Lair:1 3 runed translucent doors, Delamore's ghost, journeyman FoFi
Orc:2 Saint Roka


Innate Abilities, Weirdness & Mutations

You have very sharp fingernails.
You are partially covered in molten scales. (AC +2)
A meltable icy envelope protects you from harm. (AC +8)
You sometimes gain power by taking damage.
A meltable shield of frost defends you. (SH +4)
Your presence sometimes corrodes those you injure.
You have sharp toenails.
Your mind is acute. (Int +2)
Your spells are a little easier to cast, but a little less powerful.


Message History

The orc warrior is almost dead.
You hear a shout!
Your battlesphere fires!
The barrage of energy hits the orc knight!
The orc knight is severely wounded.
The orc wizard points at itself and mumbles some strange words.
The orc wizard flickers and vanishes!
Deactivating autopickup; reactivate with Ctrl-A.
Saint Roka says, "Down here, you're an orc or you're nobody."
Saint Roka mumbles some strange prayers to Beogh against you.
Beogh smites you!
* * * LOW HITPOINT WARNING * * *
You focus on the pain.
You feel your power returning. The orc sorcerer casts a spell at you.
The bolt of fire is repelled.
You hear a sizzling sound!
You block the orc warrior's attack.
Your Spellcasting skill increases to level 10!
You hear a shout! x3
An orc sorcerer comes into view.
It is wielding a +0 dagger and wearing a +2 robe of willpower.
Saint Roka roars a battlecry!
The orc knight completely misses you. You block the orc warrior's attack.
Unknown command.
Unknown command.
Unknown command.
Unknown command.
Unknown command.
Unknown command.
Unknown command.
Blink to where?
Press: ? - help, Dir - move target
Okay, then.
Unknown command.
You hear a shout!
The orc knight roars a battlecry!
Saint Roka invokes the aid of Beogh against you.
Beogh smites you!
* * * LOW HITPOINT WARNING * * *
The orc knight hits you from afar with a +0 bardiche!!
You die...

#......###..).##
#............#.#
.....#.o...o...#
...........#$*.#
#.......[......#
#....#..4oo....#
...##.o°☼○o)...#
#...#.§§$☼.....#
#.......@o.....#
.......[§.....#
.....○)°)......
.....$.........
.......[.......
...............
..##...........
.. ............


You could see Saint Roka (strong), 2 orc knights, an orange demon (summoned), 2
orc sorcerers, 2 orc warriors and a friendly battlesphere.

Vanquished Creatures
  Rupert (Lair:5)
  Donald (Orc:1)
  Azrael (D:14)
  A minotaur (Gauntlet)
  The ghost of Feifuam the Unseen, a journeyman SpEn of Dithmenos (Lair:2)
  7 hydras
  Harold (Lair:2)
  4 boulder beetles
  4 two-headed ogres
  4 catoblepae (Lair:6)
  2 centaur warriors
  14 death yaks (Lair:6)
  A tengu warrior (D:11)
  A thrashing horror (Gauntlet)
  Sonja (Lair:2)
  A skeletal warrior (D:13)
  Nergalle (Lair:2)
  A lindwurm (D:14)
  3 orc knights
  A deep elf pyromancer (D:14)
  3 manticores
  2 orc sorcerers
  An oklob plant (Lair:6)
  A cyclops (D:12)
  19 elephants
  4 black mambas
  6 centaur zombies
  A torpor snail (Gauntlet)
  Maggie (Lair:2)
  12 cane toads
  2 kobold demonologists (D:12)
  3 rime drakes
  An unseen horror (shapeshifter) (D:13)
  An unseen horror (D:10)
  7 komodo dragons
  4 polar bears
  9 trolls
  A hornet (Lair:5)
  15 blink frogs
  4 dream sheep (Lair:6)
  4 flying skulls (Gauntlet)
  A spriggan (D:11)
  A wraith (D:11)
  2 vampires (D:11)
  A wyvern (shapeshifter) (D:14)
  2 wyverns
  6 basilisks
  44 yaks
  A fire elemental (D:14)
  2 steam dragons
  3 small abominations (Gauntlet)
  3 vampire mosquitoes (D:13)
  A swamp worm (shapeshifter) (D:14)
  5 nagas (Lair:4)
  2 acid dragons
  10 water moccasins
  2 hell hounds (D:14)
  Duvessa (D:4)
  20 orc warriors
  An ice beast (D:7)
  A black bear (Lair:4)
  3 sky beasts
  2 necrophages
  4 ogres
  2 boggarts (D:14)
  22 wolves
  11 centaurs
  3 phantoms
  20 bullfrogs
  10 kobold brigands
  A wyvern zombie (D:8)
  3 gnoll sergeants
  A scorpion (D:5)
  3 water moccasin skeletons
  Dowan (D:4)
  8 killer bees
  2 electric eels
  A howler monkey (D:6)
  4 gnoll shamans
  10 hounds
  10 orc priests
  2 jellies
  2 bullfrog skeletons
  3 iguanas
  9 orc wizards
  2 hound skeletons
  A howler monkey zombie (D:9)
  A howler monkey skeleton (D:4)
  31 gnolls
  10 adders
  A shadow imp (D:7)
  2 white imps
  2 ufetubi
  An adder zombie (D:5)
  A dart slug (D:1)
  44 orcs
  7 ball pythons
  7 bats
  6 endoplasms
  3 giant cockroaches (D:1)
  8 goblins
  6 hobgoblins
  16 jackals
  4 quokkas
  4 frilled lizards
  28 kobolds
  6 rats
589 creatures vanquished.

Vanquished Creatures (collateral kills)
  A hell hound (D:14)
1 creature vanquished.

Vanquished Creatures (others)
  An orc wizard (D:5)
  13 fungi
  32 plants
  6 withered plants (D:15)
52 creatures vanquished.

Grand Total: 642 creatures vanquished

Notes
Turn   | Place    | Note
-------+----------+-------------------------------------------
     0 | D:1      | Morbidden the Demonspawn Conjurer began the quest for the
                  | Orb.
     0 | D:1      | Reached XP level 1. HP: 13/13 MP: 3/3
   270 | D:1      | Gained mutation: A meltable shield of frost defends you.
                  | (SH +4) [demonic ancestry]
   270 | D:1      | Reached XP level 2. HP: 20/20 MP: 0/5
   770 | D:1      | Learned a level 2 spell: Searing Ray
  1202 | D:1      | Gained mutation: A meltable icy envelope protects you from
                  | harm. (AC +8) [demonic ancestry]
  1202 | D:1      | Reached XP level 3. HP: 25/25 MP: 3/6
  2142 | D:2      | Reached skill level 1 in Fighting
  2142 | D:2      | Reached XP level 4. HP: 32/32 MP: 4/7
  2867 | D:2      | Gained mutation: You are partially covered in molten
                  | scales. (AC +2) [demonic ancestry]
  2867 | D:2      | Reached XP level 5. HP: 36/37 MP: 3/8
  3070 | D:2      | Found a faded altar of an unknown god.
  3279 | D:3      | Reached skill level 5 in Conjurations
  3854 | D:3      | Noticed a necrophage
  3862 | D:3      | Killed a necrophage
  4309 | D:4      | Gained mutation: A meltable icy envelope protects you from
                  | harm. (AC +8) [demonic ancestry]
  4309 | D:4      | Reached XP level 6. HP: 44/44 MP: 5/10
  4768 | D:4      | Learned a level 4 spell: Iskenderun's Mystic Blast
  5026 | D:4      | Noticed Dowan
  5027 | D:4      | Noticed Duvessa
  5043 | D:4      | Killed Dowan
  5044 | D:4      | Gained mutation: You sometimes gain a little power by
                  | taking damage. [demonic ancestry]
  5044 | D:4      | Reached XP level 7. HP: 47/50 MP: 5/12
  5133 | D:5      | Entered Level 5 of the Dungeon
  5344 | D:5      | Reached skill level 6 in Conjurations
  5368 | D:5      | Reached skill level 1 in Translocations
  6164 | D:5      | Found a staircase to the Ecumenical Temple.
  6233 | Temple   | Entered the Ecumenical Temple
  6553 | Temple   | Became a worshipper of Qazlal Stormbringer
  6591 | D:5      | Reached XP level 8. HP: 53/57 MP: 9/15
  7026 | D:5      | Reached skill level 1 in Shields
  7483 | D:4      | Killed Duvessa
  7484 | D:4      | Reached skill level 5 in Spellcasting
  7484 | D:4      | Reached skill level 1 in Invocations
  7651 | D:4      | Reached skill level 7 in Conjurations
  8003 | D:6      | Reached * piety under Qazlal
  8148 | D:6      | Reached skill level 1 in Armour
  8180 | D:6      | Reached skill level 5 in Dodging
  8469 | D:6      | Gained mutation: You have sharp fingernails. [demonic
                  | ancestry]
  8469 | D:6      | Reached XP level 9. HP: 64/64 MP: 3/17
  8833 | D:6      | Reached skill level 1 in Unarmed Combat
  9183 | D:7      | Noticed a boulder beetle
 10218 | D:6      | Reached ** piety under Qazlal
 10433 | D:7      | Reached skill level 8 in Conjurations
 10791 | D:8      | Found a transporter.
 10895 | D:8      | Noticed a kobold demonologist
 11046 | D:8      | Found a transporter.
 11046 | D:8      | Noticed Kinoniko's ghost (novice KoBe)
 11184 | D:8      | Found a transporter.
 11248 | D:8      | Found a transporter.
 11250 | D:8      | Noticed a kobold demonologist
 11648 | D:8      | Found a snail-covered altar of Cheibriados.
 12189 | D:9      | You fall into a shaft and drop 2 floors!
 12214 | D:11     | Found Votaf's Antique Armour Emporium.
 12234 | D:11     | Gained mutation: You sometimes gain power by taking damage.
                  | [demonic ancestry]
 12234 | D:11     | Reached XP level 10. HP: 59/73 MP: 5/19
 12362 | D:11     | Bought a pair of glowing boots for 247 gold pieces
 12630 | D:11     | Found a staircase to the Lair.
 13440 | D:10     | Entered Level 10 of the Dungeon
 13448 | D:10     | Reached *** piety under Qazlal
 13449 | D:10     | Reached skill level 5 in Fighting
 13488 | D:10     | Reached skill level 5 in Invocations
 13973 | D:10     | Reached skill level 9 in Conjurations
 14052 | D:10     | Reached XP level 11. HP: 78/80 MP: 21/21
 15195 | D:9      | Reached skill level 5 in Unarmed Combat
 15212 | D:9      | Upgraded the game from 0.27-a0-1202-ge72e49191c to
                  | 0.27-a0-1206-g6342a01c75
 15447 | D:9      | Learned a level 6 spell: Iron Shot
 15491 | D:9      | Reached **** piety under Qazlal
 15867 | D:9      | Learned a level 6 spell: Statue Form
 16090 | D:11     | Identified a scroll of acquirement
 16090 | D:11     | Acquired a +0 pair of gloves of stealth
 16129 | D:11     | Found a hazy altar of Hepliaklqana.
 16130 | D:11     | Found a faded altar of an unknown god.
 16262 | D:11     | Found a staircase to the Orcish Mines.
 16807 | D:11     | Noticed a tengu warrior
 16821 | D:11     | Killed a tengu warrior
 16822 | D:11     | Reached skill level 1 in Transmutations
 17217 | D:12     | Reached skill level 1 in Earth Magic
 17314 | D:12     | Noticed a two-headed ogre
 17331 | D:12     | Killed a two-headed ogre
 17611 | D:12     | Noticed a centaur warrior
 17632 | D:12     | Killed a centaur warrior
 17938 | D:12     | Gained mutation: Your presence sometimes corrodes those you
                  | injure. [demonic ancestry]
 17938 | D:12     | Reached XP level 12. HP: 87/87 MP: 15/23
 18641 | D:13     | Noticed a two-headed ogre
 18651 | D:13     | Killed a two-headed ogre
 18670 | D:13     | Noticed a boulder beetle
 18696 | D:13     | Killed a boulder beetle
 18817 | D:13     | Noticed a boulder beetle
 18832 | D:13     | Killed a boulder beetle
 18909 | D:13     | Noticed a four-headed hydra
 18920 | D:13     | Killed a four-headed hydra
 18991 | D:13     | Reached skill level 1 in Throwing
 19453 | D:14     | Noticed a boulder beetle
 19468 | D:14     | Killed a boulder beetle
 19471 | D:14     | Reached skill level 5 in Translocations
 19644 | D:14     | Noticed a boulder beetle
 19657 | D:14     | Killed a boulder beetle
 19748 | D:14     | Noticed a two-headed ogre
 19774 | D:14     | Killed a two-headed ogre
 19883 | D:14     | Noticed a centaur warrior
 19899 | D:14     | Killed a centaur warrior
 19919 | D:14     | Noticed Azrael
 20024 | D:14     | Acquired a book of Transfigurations
 20032 | D:14     | Learned a level 5 spell: Irradiate
 20098 | D:14     | Killed Azrael
 20565 | D:14     | Noticed a two-headed ogre
 20660 | D:14     | Killed a two-headed ogre
 20715 | D:14     | Gained mutation: You are frail. (-10% HP) [a shining eye]
 20721 | D:14     | Gained mutation: You are weak. (Str -2) [a shining eye]
 20951 | D:14     | Lost mutation: You are frail. (-10% HP) [potion of
                  | mutation]
 20951 | D:14     | Gained mutation: Your mind is acute. (Int +2) [potion of
                  | mutation]
 20951 | D:14     | Gained mutation: Your spells are a little easier to cast,
                  | but a little less powerful. [potion of mutation]
 20951 | D:14     | Lost mutation: You are weak. (Str -2) [potion of mutation]
 20951 | D:14     | Gained mutation: You have sharp toenails. [potion of
                  | mutation]
 21010 | D:14     | Identified the +9 scimitar of Miti {vorpal, Int+2}
 21016 | D:14     | Noticed a six-headed hydra
 21105 | D:15     | Entered Level 15 of the Dungeon
 21175 | D:15     | Noticed a five-headed hydra
 21324 | Lair:1   | Entered Level 1 of the Lair of Beasts
 21393 | Lair:1   | Gained mutation: You have very sharp fingernails. [demonic
                  | ancestry]
 21393 | Lair:1   | Reached XP level 13. HP: 83/95 MP: 25/25
 21741 | Lair:1   | Reached skill level 10 in Conjurations
 22057 | Lair:1   | Found a runed translucent gate.
 22058 | Lair:1   | Found a runed translucent gate.
 22059 | Lair:1   | Found a runed translucent gate.
 22059 | Lair:1   | Noticed Delamore's ghost (journeyman FoFi)
 22059 | Lair:1   | Noticed a quicksilver ooze
 22065 | Lair:1   | Found a viscous altar of Jiyva.
 22399 | Lair:2   | Noticed Harold
 22422 | Lair:2   | Killed Harold
 22467 | Lair:2   | Noticed Sonja
 22483 | Lair:2   | Killed Sonja
 22553 | Lair:2   | Noticed Maggie
 22565 | Lair:2   | Killed Maggie
 22772 | Lair:2   | Found a staircase to the Shoals.
 22912 | Lair:2   | Noticed Nergalle
 22927 | Lair:2   | Killed Nergalle
 22990 | Lair:2   | You fall into a shaft and drop 1 floor!
 23164 | Lair:3   | Identified the +8 trident of Sufficient Courage {drain,
                  | Str+4 Dex+3}
 23180 | Lair:3   | Reached ***** piety under Qazlal
 24029 | Lair:4   | Reached skill level 5 in Shields
 24233 | Lair:4   | Found a staircase to the Snake Pit.
 24902 | Lair:4   | Reached XP level 14. HP: 103/103 MP: 26/26
 25164 | Lair:2   | Found a bloodstained altar of Trog.
 25199 | Lair:2   | Found a runed translucent door.
 25199 | Lair:2   | Noticed Feifuam's ghost (journeyman SpEn)
 25402 | Lair:2   | Killed Feifuam's ghost
 25411 | Lair:2   | Identified the ring "Heffuju" {Will+ rCorr}
 26048 | Lair:5   | Reached skill level 5 in Earth Magic
 26302 | Lair:5   | Noticed Rupert
 26354 | Lair:5   | Killed Rupert
 26355 | Lair:5   | Reached skill level 5 in Transmutations
 26530 | Lair:5   | Found a basalt altar of Yredelemnul.
 26858 | Lair:6   | Entered Level 6 of the Lair of Beasts
 26858 | Lair:6   | Found a viscous altar of Jiyva.
 26860 | Lair:6   | Found a staircase to the Slime Pits.
 26912 | Lair:6   | Reached skill level 11 in Conjurations
 26956 | Lair:6   | Found a gate leading to a gauntlet.
 26975 | Gauntlet | Entered a Gauntlet
 26975 | Gauntlet | Found a transporter.
 26975 | Gauntlet | Found a transporter.
 26975 | Gauntlet | Found a runed translucent gate.
 26975 | Gauntlet | Found a runed translucent gate.
 27111 | Gauntlet | Found a transporter.
 27115 | Gauntlet | Found a transporter.
 27123 | Gauntlet | Found a transporter.
 27127 | Gauntlet | Found a transporter.
 27140 | Gauntlet | Found a transporter.
 27152 | Gauntlet | Found a transporter.
 27170 | Gauntlet | Found a transporter.
 27171 | Gauntlet | Found a transporter.
 27179 | Gauntlet | Found a transporter.
 27183 | Gauntlet | Found a transporter.
 27185 | Gauntlet | Found a runed translucent gate.
 27656 | Gauntlet | Identified the ring "Xenk" {rElec rPois Stlth+}
 27756 | Gauntlet | Identified the +9 long sword of Departure {drain, Int+5}
 27756 | Gauntlet | Identified the +2 shortbow "Nibbeh" {venom, rElec rPois
                  | Stlth+}
 27757 | Gauntlet | Found the +0 staff of Battle
 28637 | Lair:6   | Reached ****** piety under Qazlal
 28638 | Lair:6   | Reached XP level 15. HP: 79/112 MP: 1/28
 28717 | Lair:6   | Reached skill level 10 in Dodging
 29955 | Orc:1    | Entered Level 1 of the Orcish Mines
 30137 | Orc:2    | Entered Level 2 of the Orcish Mines
 30281 | Orc:2    | Noticed Saint Roka
 30288 | Orc:2    | Noticed Donald
 30312 | Orc:1    | Killed Donald
 31095 | Orc:2    | Reached skill level 10 in Spellcasting
 31096 | Orc:2    | HP: 5/112 [Saint Roka/divine providence (9)]
 31096 | Orc:2    | Mangled by an orc knight

Illustrated notes

Levels and vault maps discovered:
D:1:      roderic_dead_forest, layout_rooms
D:2:      layout_basic, shapermc_ecumenical_altar_mp_urbaneastern,
          serial_bayou_pond_c, kennysheep_generic_room_16
D:3:      layout_loops_ring, minmay_puff
D:4:      layout_basic, uniq_duvessa
D:5:      layout_loops_corners, minmay_temple_entry_trees, grunt_ministairs_10
D:6:      layout_loops_cross, lightli_minifort
D:7:      layout_gridville
D:8:      gammafunk_wand_slinger, layout_basic, lemuel_crystal_altar,
          gammafunk_ghost_mausoleum
D:9:      layout_cross, serial_gnoll_camp, gnoll_camp_mini_hut,
          gnoll_camp_medium_01, gnoll_camp_mini_hut, gnoll_camp_mini_loothouse,
          nrook_uturn
D:10:     layout_loops_ring
D:11:     layout_stronghold, erik_lair_island,
          kennysheep_orc_monster_closet_entryway, serial_shops,
          nicolae_shop_statue_plus, beargit_hepliaklqana_dungeon_heroes
D:12:     layout_roguey
D:13:     layout_gridville
D:14:     layout_grid_maze, david_vaults_4, uniq_azrael
D:15:     gammafunk_depths_entry_grave, layout_gridville, minmay_misc_feat_doors
Temple:   nicolae_temple_the_god_donut
Lair:1:   layout_roguey, gammafunk_ghost_ooze
Lair:2:   layout_chaotic_city, elwin_shoals_entry_rooms, basic_altar,
          ebering_ghost_inner_flame, grunt_forest_small_clearing_treed,
          uniq_maggie, uniq_nergalle, uniq_harold, uniq_sonja
Lair:3:   layout_chaotic_city
Lair:4:   layout_hall_layers, minmay_snake_entry_guardpost_medium,
          serial_bayou_shore_b, grunt_megastairs_2
Lair:5:   layout_regular_city, basic_altar, guppyfry_lair_drakes, uniq_rupert
Lair:6:   evilmike_catoblepas_cave, layout_small_grid, slime_altar_1,
          gauntlet_entry_generic
Orc:1:    layout_diamond_mine, serial_shops, shop
Orc:2:    st_orc_elflike, layout_caves, uniq_snorg, uniq_saint_roka, uniq_donald

Skill      XL: |  1  2  3  4  5  6  7  8  9 10 11 12 13 14 15 |
---------------+----------------------------------------------+-----
Dodging        | 2 3 4 5 6 7 8 9 10 | 10.0
Fighting       | 1 2 3 4 5 6 7 8 |  8.7
Conjurations   | 5 6 7 8 9 10 11 | 11.8
Stealth        | 2 |  2.5
Spellcasting   | 3 4 5 6 7 8 9 10 | 10.0
Translocations | 1 2 3 4 5 6 |  6.0
Shields        | 1 2 3 4 5 |  5.6
Invocations    | 2 3 5 6 7 8 9 |  9.8
Armour         | 1 2 3 |  3.2
Unarmed Combat | 3 4 6 7 8 9 |  9.5
Transmutations | 1 3 4 5 |  5.9
Earth Magic    | 1 3 4 5 |  5.9
Throwing       | 2 |  2.1
Polearms       | |  0.3
Evocations     | |  0.4

Action                   |  1- 3 |  4- 6 |  7- 9 | 10-12 | 13-15 || total
-------------------------+-------+-------+-------+-------+-------++-------
Melee: Unarmed           |    88 |     1 |    79 |   814 |   388 ||  1370
       Spear             |       |       |     4 |       |       ||     4
       Punch             |       |       |     1 |    19 |    12 ||    32
       Staff             |       |       |       |       |     2 ||     2
Throw: Dart              |       |       |     3 |    56 |     8 ||    67
       Boomerang         |       |       |       |     1 |     6 ||     7
       Javelin           |       |       |       |       |     1 ||     1
 Cast: Magic Dart        |    57 |    95 |   151 |    80 |    27 ||   410
       Searing Ray       |     5 |    10 |    65 |    53 |    29 ||   162
       Iskenderun's Myst |       |       |    16 |    62 |   197 ||   275
       Irradiate         |       |       |       |       |    13 ||    13
Invok: Elemental Force   |       |       |       |     2 |       ||     2
       Upheaval          |       |       |       |     1 |       ||     1
Evoke: Wand              |       |       |       |     6 |       ||     6
       Tin of tremorston |       |       |       |     2 |       ||     2
  Use: Scroll            |     1 |     4 |     2 |    15 |     3 ||    25
       Potion            |       |       |     1 |    11 |     2 ||    14
 Stab: Sleeping          |       |       |     1 |       |       ||     1
       Petrified         |       |       |       |       |     3 ||     3
Armor: Robe              |    27 |    14 |    19 |       |       ||    60
       Leather armour    |       |       |    28 |       |       ||    28
       Steam dragon scal |       |       |    14 |   118 |       ||   132
       Troll leather arm |       |       |       |   438 |   254 ||   692
       Skin              |       |       |       |     7 |       ||     7
Dodge: Dodged            |   100 |    15 |   116 |   561 |   444 ||  1236
       Repelled          |       |       |       |     3 |     3 ||     6
Block: Other             |    26 |     8 |    39 |   490 |   294 ||   857
       Kite shield       |       |       |       |       |    14 ||    14

Table legend: (Time is in decaauts)
 A = Elapsed time spent in this place.
 B = Non-inter-level travel time spent in this place.
 C = Inter-level travel time spent in this place.
 D = Time resting spent in this place.
 E = Time spent auto-exploring this place.
 F = Levels seen in this place.
 G = Mean time per level.
                   A        B        C        D        E       F      G
               +--------+--------+--------+--------+--------+-----+--------+
         Total |  30994 |  29984 |   1010 |   3569 |  21139 |  25 | 1239.8 |
       Dungeon |  20981 |  20364 |    617 |   2621 |  14125 |  15 | 1398.7 |
        Temple |    338 |    294 |     44 |      0 |    290 |   1 |  338.0 |
          Lair |   7656 |   7315 |    341 |      0 |   6164 |   6 | 1276.0 |
  Orcish Mines |   1143 |   1136 |      7 |    717 |    262 |   2 |  571.5 |
      Gauntlet |    873 |    873 |      0 |    231 |    298 |   1 |  873.0 |
               +--------+--------+--------+--------+--------+-----+--------+

Top non-repeatable levels by time:
    D:11: 2870 daAuts
  Lair:6: 2083 daAuts
     D:1: 2054 daAuts
     D:5: 1835 daAuts
     D:6: 1801 daAuts
    D:14: 1698 daAuts
     D:8: 1383 daAuts
     D:3: 1309 daAuts
  Lair:5: 1301 daAuts
     D:9: 1296 daAuts
    D:12: 1288 daAuts
     D:4: 1233 daAuts
  Lair:4: 1127 daAuts
  Lair:2: 1121 daAuts
     D:7: 1086 daAuts
